Arizona Coyotes vs Montreal Canadiens

Created - Wednesday, September 24, 2025 at 09:50

Goals
1 2 3 T
Arizona Coyotes 0 2 3 5
Montreal Canadiens 0 1 3 4
Shots
1 2 3 T
Arizona Coyotes 10 9 19 38
Montreal Canadiens 10 6 13 29

1st period

No Goal

Penalties :
Tyler Seguin (AZC) for Cross-checking (Minor) at 1:54, Mats Zuccarello (AZC) for Interference (Minor) at 19:06

2nd period

1. Arizona Coyotes , Tyler Seguin 18 (Mats Zuccarello 27, Brock McGinn 2) at 1:51
2. Arizona Coyotes , Charlie Coyle 18 (Mats Zuccarello 28, Jared Spurgeon 15) at 6:44 (PP)
3. Montreal Canadiens , Jake Evans 10 (Dylan Larkin 28, Martin Necas 29) at 18:17

Penalties :
Damon Severson (MTL) for Hooking (Minor) at 3:17, Jeff Petry (MTL) for Unsportsmanlike conduct (Minor) at 6:16, Jackson Blake (MTL) for Interference (Minor) at 9:39

3rd period

4. Montreal Canadiens , Patrik Laine 8 (Adam Fox 16, Juraj Slafkovsky 24) at 5:22
5. Arizona Coyotes , Anthony DeAngelo 1 (Mats Zuccarello 29) at 6:48
6. Arizona Coyotes , Mason McTavish 24 (Ryan Donato 17) at 8:08
7. Montreal Canadiens , Damon Severson 4 (Macklin Celebrini 28, Juraj Slafkovsky 25) at 16:03
8. Arizona Coyotes , Tyler Bertuzzi 14 (Mason McTavish 18) at 16:13
9. Montreal Canadiens , Ryan Poehling 13 (Drew O'Connor 7, Brady Skjei 19) at 16:39

Penalties :
Brad Marchand (MTL) for Roughing (Minor) at 13:35

Goalie Stats

Elvis Merzlikins (AZC), 25 saves from 29 shots - (0.862), W, 18-7-2, 60:00 minutes
Pyotr Kochetkov (MTL), 33 saves from 38 shots - (0.868), L, 3-7-1, 58:37 minutes

Players Stats for Arizona Coyotes

Player Name              G  A  P  +/- PIM S  H  SB GA TA FO     MP     PP MP  PK MP  
------------------------------------------------------------------------------------
Aliaksei Protas          0  0  0   0  0   3  0  0  1  0  0/0    17:21   3:08   0:00 
Anthony DeAngelo         1  0  1  -2  0   1  1  1  1  0  0/0    16:06   0:00   0:00 
Brayden McNabb           0  0  0   1  0   1  0  0  0  0  0/0    21:07   3:38   2:15 
Brock McGinn             0  1  1  -1  0   1  0  1  0  1  1/1     7:08   0:00   0:00 
Charlie Coyle            1  0  1   2  0   4  3  0  0  0  16/24  20:44   2:55   1:58 
Erik Haula               0  0  0  -1  0   3  0  0  1  0  1/4     9:02   0:00   1:51 
Jared Spurgeon           0  1  1   1  0   0  1  2  0  1  0/0    21:07   3:38   2:15 
Johnathan Kovacevic      0  0  0   1  0   1  2  1  0  1  0/0    22:47   2:47   1:43 
Kiefer Sherwood          0  0  0   0  0   1  1  0  0  0  0/0    17:21   3:08   0:00 
Mason McTavish           1  1  2  -1  0   3  0  1  0  1  3/12   13:15   0:22   0:28 
Mats Zuccarello          0  3  3   2  2   7  1  1  1  0  0/1    19:50   2:56   0:55 
Matt Dumba               0  0  0  -2  0   2  3  1  0  0  0/0    16:06   0:00   0:00 
Ondrej Palat             0  0  0  -1  0   0  0  0  0  1  0/0    12:37   0:21   0:00 
Radko Gudas              0  0  0   1  0   1  2  1  0  0  0/0    22:47   2:47   1:43 
Ryan Donato              0  1  1   0  0   1  1  0  0  0  7/16   19:09   3:08   1:48 
Tyler Bertuzzi           1  0  1  -1  0   6  2  0  0  0  0/0    12:47   0:22   0:00 
Tyler Seguin             1  0  1   2  2   3  1  0  1  0  1/4    19:38   2:55   0:56 
William Carrier          0  0  0  -1  0   0  0  0  0  0  0/0     7:08   0:00   0:00 

Players Stats for Montreal Canadiens

Player Name              G  A  P  +/- PIM S  H  SB GA TA FO     MP     PP MP  PK MP  
------------------------------------------------------------------------------------
Adam Fox                 0  1  1   0  0   1  1  2  1  2  0/0    20:50   1:45   3:19 
Brad Marchand            0  0  0   1  2   0  2  0  0  0  0/0    16:58   1:52   0:10 
Brady Skjei              0  1  1   0  0   3  1  0  0  0  0/0    26:00   2:13   3:19 
Damon Severson           1  0  1   0  2   2  2  0  0  0  0/0    14:50   2:13   0:00 
Drew O'Connor            0  1  1   1  0   1  2  0  0  0  0/1    14:07   0:00   3:20 
Dylan Larkin             0  1  1  -1  0   3  1  0  0  1  15/25  18:29   2:06   0:00 
Evgeni Dadonov           0  0  0  -1  0   1  0  0  0  0  0/0     8:16   0:00   0:13 
Ilya Lyubushkin          0  0  0   0  0   0  1  0  0  0  0/0    18:26   0:00   3:06 
Jackson Blake            0  0  0  -1  2   1  1  0  0  0  0/0     7:49   0:00   0:00 
Jake Evans               1  0  1  -1  0   2  0  1  0  0  2/2    19:11   0:00   2:52 
Jeff Petry               0  0  0   0  2   1  1  2  0  0  0/0    12:49   0:00   0:00 
Juraj Slafkovsky         0  2  2   1  0   3  0  0  2  0  0/1    15:34   2:06   0:00 
Lane Hutson              0  0  0   0  0   0  0  0  0  1  0/0    27:06   1:45   3:06 
Macklin Celebrini        0  1  1   1  0   1  2  0  0  0  3/9    16:26   1:52   0:00 
Martin Necas             0  1  1  -1  0   5  2  0  1  1  0/2    19:43   1:52   0:22 
Patrik Laine             1  0  1   1  0   4  0  0  1  0  0/0    12:47   2:06   0:00 
Ryan Poehling            1  0  1   1  0   1  2  0  0  0  9/16   13:42   0:00   2:52 
Teddy Blueger            0  0  0  -1  0   0  0  0  0  0  4/6    10:28   0:00   3:01 

3 Stars

1 - Charlie Coyle (AZC)
2 - Mats Zuccarello (AZC)
3 - Mason McTavish (AZC)

Power Play

Arizona Coyotes - 1 on 4 Attempt(s) - 25.00%
Montreal Canadiens - 0 on 2 Attempt(s) - 0.00%

Penalty Kill

Arizona Coyotes - 2 on 2 Attempt(s) - 100.00% - Score 0 goal in Penalty Kill
Montreal Canadiens - 3 on 4 Attempt(s) - 75.00% - Score 0 goal in Penalty Kill

Team Stat

Arizona Coyotes - Hits : 18 - Faceoff Wins : 29 - Blocked Shots : 9 - Penalty Minutes : 4
Montreal Canadiens - Hits : 18 - Faceoff Wins : 33 - Blocked Shots : 5 - Penalty Minutes : 8

Official

Referees : Justin Kea and Kendrick Nicholson
Linesman : Bevan Mills and Kyle Flemington

Game Notes

No Game Note

Finance

Level 1 -- Attendance: 5449 (90.82%) -- Ticket Income $506,757
Level 2 -- Attendance: 4854 (97.08%) -- Ticket Income $257,262
Level 3 -- Attendance: 2778 (92.60%) -- Ticket Income $88,896
Level 4 -- Attendance: 4671 (93.42%) -- Ticket Income $102,762
Luxury Box -- Attendance: 830 (83.00%) -- Ticket Income $161,850
Game was played at the Bell Centre.
Total Attendance: 18582 (92.91%)
Total Ticket Income: $1,117,527
Other Income: $391,134
Total Income: $1,508,661

Arizona Coyotes

5 vs 5 Forward 
   Center                   Left Wing                Right Wing               Time % Phy DF OF 
 1 Charlie Coyle            Mats Zuccarello          Tyler Seguin             35     1   2  2  
 2 Ryan Donato              Aliaksei Protas          Kiefer Sherwood          30     1   2  2  
 3 Mason McTavish           Tyler Bertuzzi           Ondrej Palat             25     1   2  2  
 4 Erik Haula               William Carrier          Brock McGinn             10     1   2  2  

5 vs 5 Defense 
   Defense                  Defense                                           Time % Phy DF OF 
 1 Radko Gudas              Johnathan Kovacevic                               35     1   3  1  
 2 Brayden McNabb           Jared Spurgeon                                    30     1   3  1  
 3 Anthony DeAngelo         Matt Dumba                                        30     1   3  1  
 4 Radko Gudas              Johnathan Kovacevic                               5      1   3  1  

PowerPlay Forward 
   Center                   Left Wing                Right Wing               Time % Phy DF OF 
 1 Charlie Coyle            Mats Zuccarello          Tyler Seguin             50     1   2  2  
 2 Ryan Donato              Aliaksei Protas          Kiefer Sherwood          50     1   2  2  

PowerPlay Defense
   Defense                  Defense                                           Time % Phy DF OF 
 1 Radko Gudas              Johnathan Kovacevic                               50     1   2  2  
 2 Brayden McNabb           Jared Spurgeon                                    50     1   2  2  

Penalty Kill 4 Players Forward 
   Center                   Wing                     Time % Phy DF OF 
 1 Charlie Coyle            Mats Zuccarello          50     1   2  2  
 2 Tyler Seguin             Ryan Donato              50     1   2  2  

Penalty Kill 4 Players Defense
   Defense                  Defense                  Time % Phy DF OF 
 1 Radko Gudas              Johnathan Kovacevic      50     1   3  1  
 2 Brayden McNabb           Jared Spurgeon           50     1   3  1  

Penalty Kill - 3 Players Forward 
   Forward                                           Time % Phy DF OF 
 1 Mason McTavish                                    50     1   3  1  
 2 Erik Haula                                        50     1   3  1  

Penalty Kill - 3 Players Defense
   Defense                  Defense                  Time % Phy DF OF 
 1 Radko Gudas              Johnathan Kovacevic      50     1   3  1  
 2 Brayden McNabb           Jared Spurgeon           50     1   3  1  

4 vs 4 Forward 
   Center                   Wing                     Time % Phy DF OF 
 1 Charlie Coyle            Mats Zuccarello          50     1   2  2  
 2 Tyler Seguin             Ryan Donato              50     1   2  2  

4 vs 4 Defense
   Defense                  Defense                  Time % Phy DF OF 
 1 Radko Gudas              Johnathan Kovacevic      50     1   3  1  
 2 Brayden McNabb           Jared Spurgeon           50     1   3  1  

Last Minutes Offensive
   Center                   Left Wing                Right Wing               Defense                  Defense                  
   Charlie Coyle            Mats Zuccarello          Tyler Seguin             Radko Gudas              Johnathan Kovacevic      

Last Minutes Defensive
   Center                   Left Wing                Right Wing               Defense                  Defense                  
   Charlie Coyle            Mats Zuccarello          Tyler Seguin             Radko Gudas              Johnathan Kovacevic      

Goaltenders
Starting : Elvis Merzlikins         
Backup : Tristan Jarry            

Extra Forwards
Normal : Mason McTavish, Tyler Bertuzzi, Erik Haula - PP : Mason McTavish, Tyler Bertuzzi - PK : Erik Haula
Extra Defensemen
Normal : Anthony DeAngelo, Radko Gudas, Brayden McNabb - PP : Anthony DeAngelo - PK : Johnathan Kovacevic, Brayden McNabb
Penalty Shots
Charlie Coyle, Mats Zuccarello, Tyler Seguin, Ryan Donato, Aliaksei Protas

Scratches
Jani Hakanpaa (Healthy), Ross Colton (Strained Left Knee Injury)

Montreal Canadiens

5 vs 5 Forward 
   Center                   Left Wing                Right Wing               Time % Phy DF OF 
 1 Dylan Larkin             Martin Necas             Jake Evans               40     1   2  2  
 2 Macklin Celebrini        Juraj Slafkovsky         Brad Marchand            30     1   2  2  
 3 Ryan Poehling            Patrik Laine             Drew O'Connor            20     1   2  2  
 4 Teddy Blueger            Evgeni Dadonov           Jackson Blake            10     1   2  2  

5 vs 5 Defense 
   Defense                  Defense                                           Time % Phy DF OF 
 1 Brady Skjei              Lane Hutson                                       40     1   2  2  
 2 Jeff Petry               Damon Severson                                    30     1   2  2  
 3 Adam Fox                 Ilya Lyubushkin                                   30     1   2  2  
 4 Brady Skjei              Lane Hutson                                       0      1   2  2  

PowerPlay Forward 
   Center                   Left Wing                Right Wing               Time % Phy DF OF 
 1 Macklin Celebrini        Brad Marchand            Martin Necas             50     1   2  2  
 2 Dylan Larkin             Juraj Slafkovsky         Patrik Laine             50     1   2  2  

PowerPlay Defense
   Defense                  Defense                                           Time % Phy DF OF 
 1 Lane Hutson              Adam Fox                                          50     1   2  2  
 2 Brady Skjei              Damon Severson                                    50     1   2  2  

Penalty Kill 4 Players Forward 
   Center                   Wing                     Time % Phy DF OF 
 1 Ryan Poehling            Jake Evans               50     1   2  2  
 2 Teddy Blueger            Drew O'Connor            50     1   2  2  

Penalty Kill 4 Players Defense
   Defense                  Defense                  Time % Phy DF OF 
 1 Adam Fox                 Brady Skjei              50     1   2  2  
 2 Lane Hutson              Ilya Lyubushkin          50     1   2  2  

Penalty Kill - 3 Players Forward 
   Forward                                           Time % Phy DF OF 
 1 Ryan Poehling                                     50     1   2  2  
 2 Jake Evans                                        50     1   2  2  

Penalty Kill - 3 Players Defense
   Defense                  Defense                  Time % Phy DF OF 
 1 Adam Fox                 Brady Skjei              50     1   2  2  
 2 Lane Hutson              Ilya Lyubushkin          50     1   2  2  

4 vs 4 Forward 
   Center                   Wing                     Time % Phy DF OF 
 1 Teddy Blueger            Drew O'Connor            50     1   2  2  
 2 Ryan Poehling            Evgeni Dadonov           50     1   2  2  

4 vs 4 Defense
   Defense                  Defense                  Time % Phy DF OF 
 1 Brady Skjei              Adam Fox                 50     1   2  2  
 2 Lane Hutson              Damon Severson           50     1   2  2  

Last Minutes Offensive
   Center                   Left Wing                Right Wing               Defense                  Defense                  
   Macklin Celebrini        Brad Marchand            Martin Necas             Lane Hutson              Adam Fox                 

Last Minutes Defensive
   Center                   Left Wing                Right Wing               Defense                  Defense                  
   Jake Evans               Ryan Poehling            Drew O'Connor            Brady Skjei              Adam Fox                 

Goaltenders
Starting : Pyotr Kochetkov          
Backup : Stuart Skinner           

Extra Forwards
Normal : Brad Marchand, Dylan Larkin, Macklin Celebrini - PP : Dylan Larkin, Macklin Celebrini - PK : Martin Necas
Extra Defensemen
Normal : Lane Hutson, Brady Skjei, Adam Fox - PP : Lane Hutson - PK : Brady Skjei, Adam Fox
Penalty Shots
Patrik Laine, Teddy Blueger, Ryan Poehling, Dylan Larkin, Adam Fox

Scratches
Ian Mitchell (Healthy), David Rittich (Healthy)

% Time on Ice - Arizona Coyotes

Lines # - Real PCT - Wanted PCT - Time Play
Normal Forward
1 - 32% - 35% - 16:00
2 - 29% - 30% - 14:13
3 - 25% - 25% - 12:16
4 - 14% - 10% - 7:08
Normal Defense
1 - 35% - 35% - 17:34
2 - 31% - 30% - 15:14
3 - 32% - 30% - 16:06
4 - 1% - 5% - 0:43
PP Forward
1 - 46% - 50% - 2:56
2 - 54% - 50% - 3:29
PP Defense
1 - 43% - 50% - 2:47
2 - 57% - 50% - 3:38
PK Forward
1 - 50% - 50% - 1:58
2 - 50% - 50% - 2:00
PK Defense
1 - 43% - 50% - 1:43
2 - 57% - 50% - 2:15
PK3 Forward
1 - 0% - 50%
2 - 0% - 50%
PK3 Defense
1 - 0% - 50%
2 - 0% - 50%
44 Forward
1 - 0% - 50%
2 - 0% - 50%
44 Defense
1 - 0% - 50%
2 - 0% - 50%
Last Minute Offensive  - 0:00
Last Minute Defensive  - 0:00
Total
Forward - 60:00
Defense - 60:00

% Time on Ice - Montreal Canadiens

Lines # - Real PCT - Wanted PCT - Time Play
Normal Forward
1 - 35% - 40% - 16:42
2 - 28% - 30% - 13:28
3 - 22% - 20% - 10:47
4 - 15% - 10% - 7:27
Normal Defense
1 - 41% - 40% - 19:56
2 - 30% - 30% - 14:36
3 - 29% - 30% - 13:52
4 - 0% - 0% - 0:00
PP Forward
1 - 47% - 50% - 1:52
2 - 53% - 50% - 2:06
PP Defense
1 - 44% - 50% - 1:45
2 - 56% - 50% - 2:13
PK Forward
1 - 47% - 50% - 3:02
2 - 53% - 50% - 3:23
PK Defense
1 - 52% - 50% - 3:19
2 - 48% - 50% - 3:06
PK3 Forward
1 - 0% - 50%
2 - 0% - 50%
PK3 Defense
1 - 0% - 50%
2 - 0% - 50%
44 Forward
1 - 0% - 50%
2 - 0% - 50%
44 Defense
1 - 0% - 50%
2 - 0% - 50%
Last Minute Offensive  - 1:13
Last Minute Defensive  - 0:00
Total
Forward - 60:00
Defense - 60:00

Play-by-Play

1st period


0:01 of 1st period - Charlie Coyle wins face-off versus Dylan Larkin in neutral zone.
1:04 of 1st period - Ondrej Palat is hit by Ryan Poehling and loses puck.
1:41 of 1st period - Off-side.
1:42 of 1st period - Dylan Larkin wins face-off versus Charlie Coyle in neutral zone.
1:51 of 1st period - Snap shot by Martin Necas.
1:51 of 1st period - Stopped by Elvis Merzlikins without a rebound.
1:52 of 1st period - Charlie Coyle wins face-off versus Dylan Larkin in Arizona Coyotes zone.
1:54 of 1st period - Minor Penalty to Tyler Seguin for Cross-checking.
1:55 of 1st period - Charlie Coyle wins face-off versus Macklin Celebrini in Arizona Coyotes zone.
3:54 of 1st period - Penalty to Tyler Seguin is over, Tyler Seguin is back on ice.
4:07 of 1st period - Wrist shot by Ryan Donato.
4:07 of 1st period - Shot Misses the Net.
4:09 of 1st period - Slapshot by Aliaksei Protas.
4:09 of 1st period - Stopped by Pyotr Kochetkov with a rebound.
4:11 of 1st period - Wrist shot by Kiefer Sherwood.
4:11 of 1st period - Deflect By Ryan Donato.
4:11 of 1st period - Stopped by Pyotr Kochetkov with a rebound.
4:39 of 1st period - Ilya Lyubushkin is hit by Tyler Bertuzzi and loses puck.
5:07 of 1st period - Adam Fox is hit by Kiefer Sherwood and loses puck.
6:45 of 1st period - Anthony DeAngelo is hit by Drew O'Connor and loses puck.
6:56 of 1st period - Jeff Petry is hit by Matt Dumba and loses puck.
7:54 of 1st period - Patrik Laine is hit by Radko Gudas and loses puck.
7:59 of 1st period - Snap shot by Aliaksei Protas.
7:59 of 1st period - Stopped by Pyotr Kochetkov with a rebound.
8:01 of 1st period - Snap shot by Radko Gudas.
8:01 of 1st period - Stopped by Pyotr Kochetkov with a rebound.
8:27 of 1st period - Brock McGinn is hit by Ilya Lyubushkin and loses puck.
9:28 of 1st period - Wrist shot by Tyler Bertuzzi.
9:28 of 1st period - Stopped by Pyotr Kochetkov without a rebound.
9:29 of 1st period - Mason McTavish wins face-off versus Ryan Poehling in Montreal Canadiens zone.
9:30 of 1st period - Snap shot by Tyler Bertuzzi.
9:30 of 1st period - Stopped by Pyotr Kochetkov without a rebound.
9:31 of 1st period - Ryan Poehling wins face-off versus Mason McTavish in Montreal Canadiens zone.
9:33 of 1st period - Icing by Patrik Laine.
9:34 of 1st period - Ryan Poehling wins face-off versus Mason McTavish in Montreal Canadiens zone.
9:43 of 1st period - Mason McTavish is hit by Damon Severson and loses puck.
10:08 of 1st period - Slapshot by Patrik Laine.
10:08 of 1st period - Deflect By Drew O'Connor.
10:08 of 1st period - Stopped by Elvis Merzlikins with a rebound.
10:10 of 1st period - Slapshot by Jeff Petry.
10:10 of 1st period - Shot Blocked by Mason McTavish.
10:12 of 1st period - Wrist shot by Jeff Petry.
10:12 of 1st period - Stopped by Elvis Merzlikins without a rebound.
10:13 of 1st period - Dylan Larkin wins face-off versus Charlie Coyle in Arizona Coyotes zone.
11:08 of 1st period - Wrist shot by Erik Haula.
11:08 of 1st period - Stopped by Pyotr Kochetkov with a rebound.
11:10 of 1st period - Slapshot by Jared Spurgeon.
11:10 of 1st period - Shot Misses the Net.
11:12 of 1st period - Wrist shot by Brayden McNabb.
11:12 of 1st period - Shot Misses the Net.
11:19 of 1st period - Icing by Teddy Blueger.
11:20 of 1st period - Teddy Blueger wins face-off versus Charlie Coyle in Montreal Canadiens zone.
11:20 of 1st period - Teddy Blueger is hit by Johnathan Kovacevic.
11:38 of 1st period - Wrist shot by Martin Necas.
11:38 of 1st period - Shot Blocked by Radko Gudas.
11:50 of 1st period - Snap shot by Charlie Coyle.
11:50 of 1st period - Shot Blocked by Adam Fox.
12:32 of 1st period - Off-side.
12:33 of 1st period - Mason McTavish wins face-off versus Drew O'Connor in neutral zone.
12:42 of 1st period - Wrist shot by Tyler Bertuzzi.
12:42 of 1st period - Stopped by Pyotr Kochetkov without a rebound.
12:43 of 1st period - Ryan Donato wins face-off versus Dylan Larkin in Montreal Canadiens zone.
12:52 of 1st period - Wrist shot by Aliaksei Protas.
12:52 of 1st period - Shot Misses the Net.
12:58 of 1st period - Snap shot by Ryan Donato.
12:58 of 1st period - Shot Misses the Net.
13:59 of 1st period - Snap shot by Ondrej Palat.
13:59 of 1st period - Shot Blocked by Jake Evans.
14:13 of 1st period - Slapshot by Jackson Blake.
14:13 of 1st period - Deflect By Kiefer Sherwood.
14:13 of 1st period - Shot Misses the Net.
14:13 of 1st period - Puck is out of play.
14:14 of 1st period - Teddy Blueger wins face-off versus Ryan Donato in Arizona Coyotes zone.
14:45 of 1st period - Off-side.
14:46 of 1st period - Macklin Celebrini wins face-off versus Tyler Seguin in neutral zone.
15:09 of 1st period - Slapshot by Juraj Slafkovsky.
15:09 of 1st period - Deflect By Charlie Coyle.
15:09 of 1st period - Stopped by Elvis Merzlikins with a rebound.
15:11 of 1st period - Wrist shot by Juraj Slafkovsky.
15:11 of 1st period - Shot Blocked by Johnathan Kovacevic.
15:52 of 1st period - Snap shot by Juraj Slafkovsky.
15:52 of 1st period - Shot Misses the Net.
15:54 of 1st period - Slapshot by Brad Marchand.
15:54 of 1st period - Deflect By Juraj Slafkovsky.
15:54 of 1st period - Stopped by Elvis Merzlikins without a rebound.
15:55 of 1st period - Dylan Larkin wins face-off versus Ryan Donato in Arizona Coyotes zone.
15:58 of 1st period - Slapshot by Dylan Larkin.
15:58 of 1st period - Shot Misses the Net.
16:00 of 1st period - Slapshot by Brady Skjei.
16:00 of 1st period - Shot Hit the Post.
16:06 of 1st period - Wrist shot by Martin Necas.
16:06 of 1st period - Stopped by Elvis Merzlikins with a rebound.
16:08 of 1st period - Wrist shot by Dylan Larkin.
16:08 of 1st period - Shot Hit the Post.
16:10 of 1st period - Slapshot by Lane Hutson.
16:10 of 1st period - Deflect By Martin Necas.
16:10 of 1st period - Shot Misses the Net.
16:10 of 1st period - Puck is out of play.
16:11 of 1st period - Jake Evans wins face-off versus Erik Haula in Arizona Coyotes zone.
16:18 of 1st period - Snap shot by Jake Evans.
16:18 of 1st period - Shot Misses the Net.
16:20 of 1st period - Backhand shot by Brady Skjei.
16:20 of 1st period - Stopped by Elvis Merzlikins without a rebound.
16:21 of 1st period - Dylan Larkin wins face-off versus Erik Haula in Arizona Coyotes zone.
16:22 of 1st period - Snap shot by Martin Necas.
16:22 of 1st period - Shot Misses the Net.
16:24 of 1st period - Slapshot by Jake Evans.
16:24 of 1st period - Stopped by Elvis Merzlikins with a rebound.
16:50 of 1st period - Snap shot by Brock McGinn.
16:50 of 1st period - Stopped by Pyotr Kochetkov with a rebound.
16:55 of 1st period - Off-side.
16:56 of 1st period - Ryan Donato wins face-off versus Juraj Slafkovsky in neutral zone.
17:23 of 1st period - Drew O'Connor is hit by Mats Zuccarello and loses puck.
17:32 of 1st period - Slapshot by Damon Severson.
17:32 of 1st period - Stopped by Elvis Merzlikins without a rebound.
17:33 of 1st period - Dylan Larkin wins face-off versus Mason McTavish in Arizona Coyotes zone.
17:50 of 1st period - Wrist shot by Martin Necas.
17:50 of 1st period - Stopped by Elvis Merzlikins with a rebound.
18:52 of 1st period - Wrist shot by Martin Necas.
18:52 of 1st period - Shot Misses the Net.
19:06 of 1st period - Minor Penalty to Mats Zuccarello for Interference.
19:07 of 1st period - Charlie Coyle wins face-off versus Dylan Larkin in Arizona Coyotes zone.
19:36 of 1st period - Snap shot by Charlie Coyle.
19:36 of 1st period - Stopped by Pyotr Kochetkov without a rebound.
19:37 of 1st period - Charlie Coyle wins face-off versus Dylan Larkin in Montreal Canadiens zone.
Goals for this period are 0 for Arizona Coyotes vs 0 for Montreal Canadiens.
Shots for this period are 10 for Arizona Coyotes vs 10 for Montreal Canadiens.

2nd period


0:01 of 2nd period - Tyler Seguin wins face-off versus Macklin Celebrini in neutral zone.
0:14 of 2nd period - Charlie Coyle is hit by Martin Necas and loses puck.
0:27 of 2nd period - Dylan Larkin is hit by Tyler Seguin and loses puck.
0:34 of 2nd period - Slapshot by Adam Fox.
0:34 of 2nd period - Shot Misses the Net.
0:36 of 2nd period - Snap shot by Juraj Slafkovsky.
0:36 of 2nd period - Shot Blocked by Jared Spurgeon.
1:06 of 2nd period - Penalty to Mats Zuccarello is over, Mats Zuccarello is back on ice.
1:51 of 2nd period - Slapshot by Tyler Seguin.
1:51 of 2nd period - Goal by Tyler Seguin - Arizona Coyotes : 1 - Montreal Canadiens : 0.
1:52 of 2nd period - Charlie Coyle wins face-off versus Macklin Celebrini in neutral zone.
2:51 of 2nd period - Snap shot by Patrik Laine.
2:51 of 2nd period - Shot Misses the Net.
3:17 of 2nd period - Minor Penalty to Damon Severson for Hooking.
3:18 of 2nd period - Charlie Coyle wins face-off versus Ryan Poehling in Montreal Canadiens zone.
3:23 of 2nd period - Snap shot by Mats Zuccarello.
3:23 of 2nd period - Shot Blocked by Adam Fox.
3:25 of 2nd period - Snap shot by Charlie Coyle.
3:25 of 2nd period - Shot Misses the Net.
3:49 of 2nd period - Off-side.
3:50 of 2nd period - Ryan Donato wins face-off versus Teddy Blueger in neutral zone.
4:19 of 2nd period - Backhand shot by Mats Zuccarello.
4:19 of 2nd period - Stopped by Pyotr Kochetkov with a rebound.
4:21 of 2nd period - Slapshot by Brayden McNabb.
4:21 of 2nd period - Shot Misses the Net.
4:23 of 2nd period - Wrist shot by Mats Zuccarello.
4:23 of 2nd period - Deflect By Charlie Coyle.
4:23 of 2nd period - Stopped by Pyotr Kochetkov without a rebound.
4:24 of 2nd period - Ryan Poehling wins face-off versus Ryan Donato in Montreal Canadiens zone.
4:33 of 2nd period - Johnathan Kovacevic is hit by Ryan Poehling and loses puck.
4:50 of 2nd period - Charlie Coyle is hit by Adam Fox and loses puck.
4:57 of 2nd period - Snap shot by Radko Gudas.
4:57 of 2nd period - Deflect By Mats Zuccarello.
4:57 of 2nd period - Stopped by Pyotr Kochetkov without a rebound.
4:58 of 2nd period - Charlie Coyle wins face-off versus Ryan Poehling in Montreal Canadiens zone.
5:17 of 2nd period - Penalty to Damon Severson is over, Damon Severson is back on ice.
5:48 of 2nd period - Wrist shot by Dylan Larkin.
5:48 of 2nd period - Shot Misses the Net.
6:16 of 2nd period - Minor Penalty to Jeff Petry for Unsportsmanlike conduct.
6:17 of 2nd period - Ryan Donato wins face-off versus Ryan Poehling in Montreal Canadiens zone.
6:42 of 2nd period - Snap shot by Mats Zuccarello.
6:42 of 2nd period - Stopped by Pyotr Kochetkov with a rebound.
6:44 of 2nd period - Snap shot by Charlie Coyle.
6:44 of 2nd period - Goal by Charlie Coyle - Arizona Coyotes : 2 - Montreal Canadiens : 0.
6:45 of 2nd period - Charlie Coyle wins face-off versus Martin Necas in neutral zone.
7:23 of 2nd period - Off-side.
7:24 of 2nd period - Charlie Coyle wins face-off versus Dylan Larkin in neutral zone.
7:32 of 2nd period - Slapshot by Dylan Larkin.
7:32 of 2nd period - Stopped by Elvis Merzlikins with a rebound.
7:34 of 2nd period - Snap shot by Martin Necas.
7:34 of 2nd period - Shot Blocked by Jared Spurgeon.
7:36 of 2nd period - Slapshot by Jeff Petry.
7:36 of 2nd period - Deflect By Dylan Larkin.
7:36 of 2nd period - Stopped by Elvis Merzlikins without a rebound.
7:37 of 2nd period - Charlie Coyle wins face-off versus Martin Necas in Arizona Coyotes zone.
7:37 of 2nd period - Charlie Coyle is hit by Dylan Larkin.
8:47 of 2nd period - Wrist shot by Tyler Seguin.
8:47 of 2nd period - Stopped by Pyotr Kochetkov without a rebound.
8:48 of 2nd period - Teddy Blueger wins face-off versus Charlie Coyle in Montreal Canadiens zone.
8:48 of 2nd period - Teddy Blueger is hit by Radko Gudas.
9:10 of 2nd period - Slapshot by Damon Severson.
9:10 of 2nd period - Shot Blocked by Mats Zuccarello.
9:34 of 2nd period - Slapshot by Charlie Coyle.
9:34 of 2nd period - Shot Misses the Net.
9:39 of 2nd period - Minor Penalty to Jackson Blake for Interference.
9:40 of 2nd period - Ryan Donato wins face-off versus Ryan Poehling in Montreal Canadiens zone.
10:34 of 2nd period - Tyler Seguin is hit by Drew O'Connor and loses puck.
11:25 of 2nd period - Ilya Lyubushkin is hit by Tyler Bertuzzi.
11:39 of 2nd period - Penalty to Jackson Blake is over, Jackson Blake is back on ice.
12:55 of 2nd period - Ryan Donato is hit by Damon Severson and loses puck.
13:08 of 2nd period - Jeff Petry is hit by Matt Dumba and loses puck.
14:07 of 2nd period - William Carrier is hit by Brady Skjei and loses puck.
14:20 of 2nd period - Charlie Coyle is hit by Jackson Blake and loses puck.
14:35 of 2nd period - Slapshot by Brayden McNabb.
14:35 of 2nd period - Stopped by Pyotr Kochetkov with a rebound.
15:51 of 2nd period - Icing by Erik Haula.
15:52 of 2nd period - Brock McGinn wins face-off versus Teddy Blueger in Arizona Coyotes zone.
16:25 of 2nd period - Macklin Celebrini is hit by Jared Spurgeon and loses puck.
16:44 of 2nd period - Wrist shot by Martin Necas.
16:44 of 2nd period - Stopped by Elvis Merzlikins without a rebound.
16:45 of 2nd period - Dylan Larkin wins face-off versus Ryan Donato in Arizona Coyotes zone.
16:52 of 2nd period - Slapshot by Martin Necas.
16:52 of 2nd period - Stopped by Elvis Merzlikins without a rebound.
16:53 of 2nd period - Dylan Larkin wins face-off versus Ryan Donato in Arizona Coyotes zone.
17:10 of 2nd period - Snap shot by Dylan Larkin.
17:10 of 2nd period - Stopped by Elvis Merzlikins with a rebound.
17:13 of 2nd period - Icing by Radko Gudas.
17:14 of 2nd period - Macklin Celebrini wins face-off versus Ryan Donato in Arizona Coyotes zone.
17:29 of 2nd period - Kiefer Sherwood is hit by Macklin Celebrini and loses puck.
18:08 of 2nd period - Slapshot by Mason McTavish.
18:08 of 2nd period - Stopped by Pyotr Kochetkov without a rebound.
18:09 of 2nd period - Dylan Larkin wins face-off versus Mason McTavish in Montreal Canadiens zone.
18:17 of 2nd period - Slapshot by Jake Evans.
18:17 of 2nd period - Goal by Jake Evans - Arizona Coyotes : 2 - Montreal Canadiens : 1.
18:18 of 2nd period - Charlie Coyle wins face-off versus Dylan Larkin in neutral zone.
18:21 of 2nd period - Jake Evans is hit by Charlie Coyle and loses puck.
18:28 of 2nd period - Snap shot by Dylan Larkin.
18:28 of 2nd period - Shot Misses the Net.
Goals for this period are 2 for Arizona Coyotes vs 1 for Montreal Canadiens.
Shots for this period are 9 for Arizona Coyotes vs 6 for Montreal Canadiens.

3rd period


0:01 of 3rd period - Ryan Donato wins face-off versus Dylan Larkin in neutral zone.
0:10 of 3rd period - Wrist shot by Aliaksei Protas.
0:10 of 3rd period - Shot Misses the Net.
0:26 of 3rd period - Mats Zuccarello is hit by Brad Marchand and loses puck.
0:33 of 3rd period - Snap shot by Macklin Celebrini.
0:33 of 3rd period - Stopped by Elvis Merzlikins without a rebound.
0:34 of 3rd period - Dylan Larkin wins face-off versus Charlie Coyle in Arizona Coyotes zone.
0:45 of 3rd period - Snap shot by Dylan Larkin.
0:45 of 3rd period - Shot Misses the Net.
1:07 of 3rd period - Snap shot by Ryan Donato.
1:07 of 3rd period - Shot Hit the Post.
1:15 of 3rd period - Aliaksei Protas is hit by Jeff Petry and loses puck.
2:17 of 3rd period - Backhand shot by Jackson Blake.
2:17 of 3rd period - Stopped by Elvis Merzlikins with a rebound.
2:35 of 3rd period - Snap shot by Juraj Slafkovsky.
2:35 of 3rd period - Stopped by Elvis Merzlikins with a rebound.
3:08 of 3rd period - Snap shot by Tyler Bertuzzi.
3:08 of 3rd period - Stopped by Pyotr Kochetkov with a rebound.
3:10 of 3rd period - Slapshot by Matt Dumba.
3:10 of 3rd period - Stopped by Pyotr Kochetkov without a rebound.
3:11 of 3rd period - Jake Evans wins face-off versus Mats Zuccarello in Montreal Canadiens zone.
5:04 of 3rd period - Wrist shot by Kiefer Sherwood.
5:04 of 3rd period - Stopped by Pyotr Kochetkov with a rebound.
5:20 of 3rd period - Slapshot by Adam Fox.
5:20 of 3rd period - Stopped by Elvis Merzlikins with a rebound.
5:22 of 3rd period - Snap shot by Patrik Laine.
5:22 of 3rd period - Goal by Patrik Laine - Arizona Coyotes : 2 - Montreal Canadiens : 2.
5:23 of 3rd period - Charlie Coyle wins face-off versus Dylan Larkin in neutral zone.
5:54 of 3rd period - Tyler Bertuzzi is hit by Martin Necas and loses puck.
6:22 of 3rd period - Snap shot by Brad Marchand.
6:22 of 3rd period - Shot Misses the Net.
6:24 of 3rd period - Snap shot by Brady Skjei.
6:24 of 3rd period - Shot Misses the Net.
6:38 of 3rd period - Snap shot by Evgeni Dadonov.
6:38 of 3rd period - Stopped by Elvis Merzlikins without a rebound.
6:39 of 3rd period - Teddy Blueger wins face-off versus Charlie Coyle in Arizona Coyotes zone.
6:48 of 3rd period - Slapshot by Anthony DeAngelo.
6:48 of 3rd period - Goal by Anthony DeAngelo - Arizona Coyotes : 3 - Montreal Canadiens : 2.
6:49 of 3rd period - Dylan Larkin wins face-off versus Tyler Seguin in neutral zone.
6:54 of 3rd period - Slapshot by Lane Hutson.
6:54 of 3rd period - Shot Blocked by Matt Dumba.
7:39 of 3rd period - Slapshot by Ryan Poehling.
7:39 of 3rd period - Shot Misses the Net.
7:41 of 3rd period - Slapshot by Brady Skjei.
7:41 of 3rd period - Deflect By Ryan Poehling.
7:41 of 3rd period - Shot Misses the Net.
7:41 of 3rd period - Puck is out of play.
7:42 of 3rd period - Charlie Coyle wins face-off versus Dylan Larkin in Arizona Coyotes zone.
7:47 of 3rd period - Martin Necas is hit by Anthony DeAngelo and loses puck.
7:52 of 3rd period - Snap shot by Mats Zuccarello.
7:52 of 3rd period - Shot Misses the Net.
8:08 of 3rd period - Backhand shot by Mason McTavish.
8:08 of 3rd period - Goal by Mason McTavish - Arizona Coyotes : 4 - Montreal Canadiens : 2.
8:09 of 3rd period - Dylan Larkin wins face-off versus Charlie Coyle in neutral zone.
9:05 of 3rd period - Snap shot by Mason McTavish.
9:05 of 3rd period - Stopped by Pyotr Kochetkov without a rebound.
9:06 of 3rd period - Dylan Larkin wins face-off versus Mason McTavish in Montreal Canadiens zone.
9:28 of 3rd period - Snap shot by Tyler Bertuzzi.
9:28 of 3rd period - Stopped by Pyotr Kochetkov without a rebound.
9:29 of 3rd period - Charlie Coyle wins face-off versus Macklin Celebrini in Montreal Canadiens zone.
9:30 of 3rd period - Snap shot by Mats Zuccarello.
9:30 of 3rd period - Stopped by Pyotr Kochetkov with a rebound.
9:32 of 3rd period - Slapshot by Radko Gudas.
9:32 of 3rd period - Deflect By Mats Zuccarello.
9:32 of 3rd period - Stopped by Pyotr Kochetkov with a rebound.
9:40 of 3rd period - Snap shot by Charlie Coyle.
9:40 of 3rd period - Stopped by Pyotr Kochetkov with a rebound.
9:42 of 3rd period - Slapshot by Johnathan Kovacevic.
9:42 of 3rd period - Stopped by Pyotr Kochetkov without a rebound.
9:43 of 3rd period - Dylan Larkin wins face-off versus Ryan Donato in Montreal Canadiens zone.
9:43 of 3rd period - Dylan Larkin is hit by Matt Dumba.
10:31 of 3rd period - Wrist shot by Mason McTavish.
10:31 of 3rd period - Shot Blocked by Jeff Petry.
10:33 of 3rd period - Slapshot by Tyler Bertuzzi.
10:33 of 3rd period - Shot Blocked by Jeff Petry.
10:35 of 3rd period - Snap shot by Mason McTavish.
10:35 of 3rd period - Shot Misses the Net.
10:58 of 3rd period - Slapshot by Teddy Blueger.
10:58 of 3rd period - Shot Misses the Net.
11:00 of 3rd period - Snap shot by Teddy Blueger.
11:00 of 3rd period - Deflect By Evgeni Dadonov.
11:00 of 3rd period - Shot Blocked by Brock McGinn.
11:00 of 3rd period - Puck is out of play.
11:01 of 3rd period - Dylan Larkin wins face-off versus Tyler Seguin in Arizona Coyotes zone.
11:06 of 3rd period - Wrist shot by Dylan Larkin.
11:06 of 3rd period - Shot Misses the Net.
11:16 of 3rd period - Backhand shot by Dylan Larkin.
11:16 of 3rd period - Shot Misses the Net.
11:22 of 3rd period - Adam Fox is hit by Charlie Coyle and loses puck.
12:02 of 3rd period - Wrist shot by Aliaksei Protas.
12:02 of 3rd period - Stopped by Pyotr Kochetkov with a rebound.
12:28 of 3rd period - Off-side.
12:29 of 3rd period - Charlie Coyle wins face-off versus Ryan Poehling in neutral zone.
12:38 of 3rd period - Slapshot by Brady Skjei.
12:38 of 3rd period - Deflect By Charlie Coyle.
12:38 of 3rd period - Stopped by Elvis Merzlikins with a rebound.
13:00 of 3rd period - Snap shot by Mats Zuccarello.
13:00 of 3rd period - Stopped by Pyotr Kochetkov without a rebound.
13:01 of 3rd period - Dylan Larkin wins face-off versus Ryan Donato in Montreal Canadiens zone.
13:29 of 3rd period - Snap shot by Erik Haula.
13:29 of 3rd period - Stopped by Pyotr Kochetkov without a rebound.
13:30 of 3rd period - Erik Haula wins face-off versus Macklin Celebrini in Montreal Canadiens zone.
13:33 of 3rd period - Wrist shot by Erik Haula.
13:33 of 3rd period - Stopped by Pyotr Kochetkov with a rebound.
13:35 of 3rd period - Minor Penalty to Brad Marchand for Roughing.
13:36 of 3rd period - Ryan Poehling wins face-off versus Charlie Coyle in Montreal Canadiens zone.
14:03 of 3rd period - Teddy Blueger is hit by Ryan Donato and loses puck.
15:35 of 3rd period - Penalty to Brad Marchand is over, Brad Marchand is back on ice.
15:47 of 3rd period - Icing by Macklin Celebrini.
15:48 of 3rd period - Macklin Celebrini wins face-off versus Erik Haula in Montreal Canadiens zone.
15:57 of 3rd period - Slapshot by Macklin Celebrini.
15:57 of 3rd period - Shot Misses the Net.
15:59 of 3rd period - Snap shot by Juraj Slafkovsky.
15:59 of 3rd period - Shot Blocked by Anthony DeAngelo.
16:01 of 3rd period - Wrist shot by Macklin Celebrini.
16:01 of 3rd period - Shot Misses the Net.
16:03 of 3rd period - Slapshot by Damon Severson.
16:03 of 3rd period - Goal by Damon Severson - Arizona Coyotes : 4 - Montreal Canadiens : 3.
16:04 of 3rd period - Mason McTavish wins face-off versus Ryan Poehling in neutral zone.
16:13 of 3rd period - Wrist shot by Tyler Bertuzzi.
16:13 of 3rd period - Goal by Tyler Bertuzzi - Arizona Coyotes : 5 - Montreal Canadiens : 3.
16:14 of 3rd period - Ryan Poehling wins face-off versus Mason McTavish in neutral zone.
16:21 of 3rd period - Slapshot by Patrik Laine.
16:21 of 3rd period - Stopped by Elvis Merzlikins with a rebound.
16:23 of 3rd period - Slapshot by Brady Skjei.
16:23 of 3rd period - Deflect By Ryan Poehling.
16:23 of 3rd period - Shot Misses the Net.
16:23 of 3rd period - Puck is out of play.
16:24 of 3rd period - Ryan Poehling wins face-off versus Mason McTavish in Arizona Coyotes zone.
16:31 of 3rd period - Snap shot by Patrik Laine.
16:31 of 3rd period - Stopped by Elvis Merzlikins with a rebound.
16:33 of 3rd period - Slapshot by Lane Hutson.
16:33 of 3rd period - Shot Misses the Net.
16:35 of 3rd period - Slapshot by Brady Skjei.
16:35 of 3rd period - Stopped by Elvis Merzlikins with a rebound.
16:37 of 3rd period - Slapshot by Drew O'Connor.
16:37 of 3rd period - Shot Misses the Net.
16:39 of 3rd period - Snap shot by Ryan Poehling.
16:39 of 3rd period - Goal by Ryan Poehling - Arizona Coyotes : 5 - Montreal Canadiens : 4.
16:40 of 3rd period - Ryan Poehling wins face-off versus Mason McTavish in neutral zone.
16:47 of 3rd period - Snap shot by Patrik Laine.
16:47 of 3rd period - Stopped by Elvis Merzlikins with a rebound.
17:07 of 3rd period - Jeff Petry is hit by Charlie Coyle and loses puck.
17:54 of 3rd period - Snap shot by Teddy Blueger.
17:54 of 3rd period - Deflect By Evgeni Dadonov.
17:54 of 3rd period - Shot Misses the Net.
17:54 of 3rd period - Puck is out of play.
17:55 of 3rd period - Ryan Poehling wins face-off versus Mason McTavish in Arizona Coyotes zone.
18:20 of 3rd period - Jeff Petry is hit by Johnathan Kovacevic and loses puck.
18:27 of 3rd period - Snap shot by Mats Zuccarello.
18:27 of 3rd period - Stopped by Pyotr Kochetkov with a rebound.
18:29 of 3rd period - Slapshot by Matt Dumba.
18:29 of 3rd period - Stopped by Pyotr Kochetkov with a rebound.
18:31 of 3rd period - Wrist shot by Tyler Seguin.
18:31 of 3rd period - Stopped by Pyotr Kochetkov without a rebound.
18:32 of 3rd period - Ryan Poehling wins face-off versus Ryan Donato in Montreal Canadiens zone.
18:37 of 3rd period - Montreal Canadiens, Pyotr Kochetkov is pulled from the net.
18:46 of 3rd period - Icing by Kiefer Sherwood.
18:47 of 3rd period - Ryan Donato wins face-off versus Macklin Celebrini in Arizona Coyotes zone.
18:54 of 3rd period - Matt Dumba is hit by Brad Marchand and loses puck.
19:42 of 3rd period - Aliaksei Protas is hit by Macklin Celebrini and loses puck.
Goals for this period are 3 for Arizona Coyotes vs 3 for Montreal Canadiens.
Shots for this period are 19 for Arizona Coyotes vs 13 for Montreal Canadiens.